 Dungeon Crawl Stone Soup version 0.31-a0-37-g98a128e1d9 (webtiles) character file.

Game seed: 17929127638533374520

3752 ytrimaz the Digger (level 9, -13/75 HPs)
             Began as a Troll Transmuter on May 15, 2023.
             Was a Follower of Sif Muna.
             Mangled by a manticore (19 damage)
             ... on level 9 of the Dungeon.
             The game lasted 00:14:27 (6802 turns).

ytrimaz the Digger (Troll Transmuter)               Turns: 6802, Time: 00:14:28

Health: -13/75     AC:  6    Str: 20    XL:     9   Next: 93%
Magic:  15/15      EV: 14    Int: 13    God:    Sif Muna [*.....]
Gold:   337        SH:  0    Dex: 10    Spells: 12/18 levels left

rFire   . .          .
                       - Unarmed
rCold   . . .        (no shield)
rNeg    + . .        r - +2 robe {rN+}
rPois   .            (helmet restricted)
rElec   .            (no cloak)
rCorr   .            (gloves unavailable)
SInv    .            (boots unavailable)
Will    .....        e - amulet of regeneration
Stlth   +            h - ring of wizardry
HPRegen 1.92/turn    j - +5 ring of evasion
MPRegen 0.14/turn

%: wizardry (x1)
@: spiked
A: large, unfitting armour, claws 3, regeneration 1, shaggy fur 1, tough skin 1
a: Renounce Religion, Channel Magic


You were on level 9 of the Dungeon.
You worshipped Sif Muna.
Sif Muna was aware of your devotion.
You visited 2 branches of the dungeon, and saw 10 of its levels.

You collected 337 gold pieces.


Innate Abilities, Weirdness & Mutations

You are too large for most types of armour.
You have claws for hands.
Your natural rate of healing is unusually fast.
You are covered in fur. (AC +1)
You have tough skin. (AC +1)


   Skills:
 - Level 0.7 Fighting
 - Level 1.5 Dodging
 + Level 3.6 Unarmed Combat
 - Level 5.0 Spellcasting
 + Level 6.6 Transmutations
 + Level 7.6 Earth Magic


You had 12 spell levels left.
You knew the following spells:

 Your Spells              Type           Power      Damage    Failure   Level
a - Wereblood             Tmut           20%        N/A       1%          2
b - Leda's Liquefaction   Hex/Erth       6%         N/A       16%         4

Your spell library contained the following spells:

 Spells                   Type           Power      Damage    Failure   Level
 Beastly Appendage        Tmut           40%        N/A       1%          1
 Passwall                 Tmut/Erth      17%        N/A       1%          2
 Spider Form              Tmut/Pois      11%        N/A       6%          3
 Kiss of Death            Conj/Necr      12%        2d6       8%          1
 Ignite Poison            Fire/Tmut/Pois 9%         N/A       9%          3
 Blink                    Tloc           6%         N/A       12%         2
 Ensorcelled Hibernation  Hex/Ice        6%         N/A       12%         2
 Ice Form                 Ice/Tmut       11%        N/A       19%         4
 Call Canine Familiar     Summ           3%         N/A       22%         3
 Confusing Touch          Hex            3%         N/A       22%         3
 Portal Projectile        Hex/Tloc       6%         N/A       22%         3
 Swiftness                Air            3%         N/A       22%         3
 Dispel Undead            Necr           3%         3d7       56%         4
 Manifold Assault         Tloc           3%         N/A       56%         4
 Sticky Flame             Conj/Fire      3%         2d3       56%         4
 Storm Form               Tmut/Air       5%         N/A       100%        7
 Ignition                 Fire           1%         3d3       100%        8

Inventory:

Armour
 r - a +2 robe of positive energy (worn)
   (You took it off Psyche on level 8 of the Dungeon)
Jewellery
 e - an amulet of regeneration (around neck)
   (You found it on level 2 of the Dungeon)
 h - a ring of wizardry (left claw)
   (You found it on level 1 of the Dungeon)
 j - a +5 ring of evasion (right claw)
   (You found it on level 3 of the Dungeon)
Wands
 b - a wand of mindburst (9)
   (You found it on level 6 of the Dungeon)
 u - a wand of flame (23)
   (You found it on level 7 of the Dungeon)
 v - a wand of roots (10) (quivered)
   (You found it on level 7 of the Dungeon)
Scrolls
 a - a scroll of butterflies {unknown}
 c - 2 scrolls of fog
 d - 4 scrolls of enchant armour
 k - 4 scrolls of enchant weapon
 p - a scroll of silence
 q - 3 scrolls of teleportation
 t - a scroll of fear
 w - a scroll of amnesia
 x - a scroll of brand weapon {unknown}
Potions
 g - a potion of brilliance {unknown}
 i - 2 potions of flight
 l - 5 potions of curing
 m - a potion of mutation {unknown}
 n - 2 potions of berserk rage {unknown}
 o - 2 potions of might
 s - a potion of haste

Dungeon Overview and Level Annotations

Branches:
Dungeon (9/15) Zot: 26885  Temple (1/1) D:4 Zot: 5779    Lair (0/5) D:8
    Orc: D:9-12

Altars:
Ashenzari
Cheibriados
Dithmenos
Elyvilon
Fedhas
Gozag
Hepliaklqana
Kikubaaqudgha
Makhleb
Nemelex Xobeh
Okawaru
Qazlal
Ru
Sif Muna
Trog
Uskayaw
Vehumet
Wu Jian
Xom
Yredelemnul
Zin
The Shining One

Shops:
D:1 =

Annotations:
D:8 5 transporters
D:9 1 runed translucent door, ninjaread99's ghost, novice DrCj

##..........
#(...........
#............
##............
#............. .
##............ .
#####$............
..#####.................
..#.............@.......
...........##....H......
..#...^....##...........
#...##....#...##......
##.##.........# #...$.
#..#.........# #....
##..........## ####
#.........###
##........#$♣#


You could see a manticore.


Message History

The manticore flicks its tail.
The volley of spikes misses you. 😮 HP[+2]
You regained 2 hp, and now have 49/75 hp.
The manticore flicks its tail.
The volley of spikes hits you.
The barbed spikes become lodged in your body. 😮 HP[-3]
You take 3 damage, and now have 46/75 hp.
The manticore flicks its tail.
The volley of spikes hits you.
The barbed spikes become lodged in your body. 😮 HP[-3]
You take 3 damage, and now have 43/75 hp.
Aiming: Fastroot
Press: ? - help, Q - select action, (/) - cycle Shift-Dir - straight line, f - manticore
Aim: a manticore The roots erupt in riotous growth!
Roots grab the manticore.
The grasping roots constrict the manticore.
The manticore flicks its tail.
The volley of spikes hits you!!
The barbed spikes become lodged in your body.
* * * LOW HITPOINT WARNING * * *
😨 HP[-19]
You take 19 damage, and now have 24/75 hp.
MASSIVE DAMAGE!! (PAUSE)
The grasping roots constrict the manticore.
The roots release their grip on the manticore.
The manticore flicks its tail.
The volley of spikes hits you!
The barbed spikes become lodged in your body.
* * * LOW HITPOINT WARNING * * *
😱 HP[-6]
You take 6 damage, and now have 18/75 hp.
Aiming: Fastroot
Press: ? - help, Q - select action, (/) - cycle Shift-Dir - straight line, f/p - manticore
Aim: a manticore (moderately wounded)
The roots erupt in riotous growth!
Roots grab the manticore.
The grasping roots constrict the manticore!
The manticore flicks its tail.
The volley of spikes hits you!
The barbed spikes become lodged in your body.
* * * LOW HITPOINT WARNING * * *
😱 HP[-10]
You take 10 damage, and now have 8/75 hp.
Unknown command.
You feel much better.
The grasping roots constrict the manticore.
The roots release their grip on the manticore. 😨 HP[+17]
You regained 17 hp, and now have 25/75 hp.
Unknown command.
You feel much better.
The manticore flicks its tail.
The volley of spikes hits you!
The barbed spikes become lodged in your body. 😮 HP[+17]
You regained 17 hp, and now have 42/75 hp.
The barbs in your skin will harm you if you move.
Continue?
The barbed spikes dig painfully into your body as you move.
The manticore bites you.
* * * LOW HITPOINT WARNING * * *
The manticore misses you.
The manticore closely misses you. 😨 HP[-6]
You take 6 damage, and now have 36/75 hp.
You barely miss the manticore. The manticore closely misses you.
The manticore claws you but does no damage. x2 😮 HP[+2]
You regained 2 hp, and now have 38/75 hp.
You scratch the manticore. The manticore misses you.
The manticore claws you but does no damage. x2
Unknown command. 😮 HP[+2]
You regained 2 hp, and now have 40/75 hp.
You barely miss the manticore. Your claw misses the manticore.
The manticore barely misses you. The manticore claws you!
* * * LOW HITPOINT WARNING * * *
The manticore claws you!
* * * LOW HITPOINT WARNING * * *
😨 HP[-15]
You take 15 damage, and now have 25/75 hp.
Unknown command.
You claw the manticore! The manticore closely misses you.
The manticore claws you.
* * * LOW HITPOINT WARNING * * *
The manticore claws you!
* * * LOW HITPOINT WARNING * * *
😱 HP[-11]
You take 11 damage, and now have 14/75 hp.
You barely miss the manticore. The manticore bites you!
* * * LOW HITPOINT WARNING * * *
The manticore claws you.
* * * LOW HITPOINT WARNING * * *
The manticore barely misses you. 😱 HP[-10]
You take 10 damage, and now have 4/75 hp.
You barely miss the manticore. The manticore bites you!!
You die...

Skill      XL: |  1  2  3  4  5  6  7  8  9 |
---------------+----------------------------+-----
Earth Magic    | 1 2 3 4 6 7 |  7.6
Transmutations | 2 3 4 5 6 |  6.6
Spellcasting   | 2 3 4 5 |  5.0
Fighting       | |  0.7
Dodging        | |  1.5
Unarmed Combat | |  3.6

Action                     |  1- 3 |  4- 6 |  7- 9 || total
---------------------------+-------+-------+-------++-------
  Melee: Unarmed           |   101 |   183 |   542 ||   826
         Punch             |     2 |     1 |    18 ||    21
   Cast: Wereblood         |       |       |     9 ||     9
  Evoke: Wand              |       |       |     2 ||     2
    Use: Scroll            |     9 |       |     7 ||    16
         Potion            |       |     1 |     7 ||     8
   Stab: Sleeping          |     2 |       |     1 ||     3
 Armour: Robe              |    37 |    47 |   127 ||   211
         Skin              |       |       |    31 ||    31
  Dodge: Dodged            |    33 |   111 |   407 ||   551

Levels and vault maps discovered:
D:1:      amcnicky_arrival_blooded_trapdoor, layout_basic, serial_shops,
          nicolae_shop_tiny_glass, minmay_misc_feat_iff,
          chequers_serial_rivers_small_3, serial_bayou_crossing
D:2:      layout_basic, st_stairs_9, minmay_misc_feat_chi
D:3:      layout_loops_cross, uniq_robin
D:4:      layout_loops_corners, nicolae_dithmenos_the_darkroom, temple_pool_b
D:5:      layout_loops_ring, elyvilon_altar_3
D:6:      layout_loops_ring, nicolae_overflow_hallway_of_the_gods
D:7:      layout_basic
D:8:      layout_loops_ring, dpeg_oklobed_lair, serial_nicolae_subway,
          nicolae_sub_station_metal, nicolae_sub_station_stone,
          nicolae_sub_station_crystal, uniq_psyche
D:9:      layout_cave_pods, gammafunk_ghost_grave
Temple:   nicolae_temple_bog_church

Notes
Turn   | Place    | Note
-------+----------+-------------------------------------------
     0 | D:1      | ytrimaz the Troll Transmuter began the quest for the Orb.
     0 | D:1      | Reached XP level 1. HP: 18/18 MP: 1/1
     0 | D:1      | magus.rc [v1.9.6]
    92 | D:1      | Reached XP level 2. HP: 26/26 MP: 3/3
   196 | D:1      | Found Yluaf's Jewellery Emporium.
   380 | D:1      | Reached skill level 1 in Earth Magic
   629 | D:2      | Reached XP level 3. HP: 30/32 MP: 4/4
   665 | D:2      | Reached skill level 2 in Transmutations
  1668 | D:3      | Reached XP level 4. HP: 40/40 MP: 5/5
  1717 | D:3      | Noticed Robin
  1725 | D:3      | Killed Robin
  1726 | D:3      | Reached skill level 2 in Spellcasting
  1726 | D:3      | Reached skill level 2 in Earth Magic
  1800 | D:3      | Reached XP level 5. HP: 30/46 MP: 7/7
  1808 | D:3      | Learned a level 2 spell: Wereblood
  2071 | D:3      | Reached XP level 6. HP: 54/54 MP: 8/8
  2082 | D:3      | Reached skill level 3 in Transmutations
  2082 | D:3      | Reached skill level 3 in Earth Magic
  2253 | D:4      | You add the spells Blink, Manifold Assault and Storm Form
                  | to your library.
  2318 | D:4      | Found a shadowy altar of Dithmenos.
  2481 | D:4      | Reached XP level 7. HP: 53/61 MP: 10/10
  2521 | D:4      | Found a staircase to the Ecumenical Temple.
  2530 | Temple   | Entered the Ecumenical Temple
  2885 | D:4      | Reached skill level 3 in Spellcasting
  3386 | D:5      | Entered Level 5 of the Dungeon
  3447 | D:5      | Reached skill level 4 in Earth Magic
  3567 | D:5      | Found a white marble altar of Elyvilon.
  3679 | D:5      | Reached skill level 4 in Transmutations
  3812 | D:5      | You pick up a book of Touch and begin reading...
  3812 | D:5      | You add the spells Kiss of Death, Confusing Touch and
                  | Dispel Undead to your library.
  3861 | D:5      | Reached XP level 8. HP: 38/68 MP: 12/12
  3971 | D:5      | Identified the +7 hand axe "Nehin" {speed, Fragile rC+
                  | Will+}
  4000 | D:5      | Identified the +4 hand axe "Veineo" {holy, Str+3 Dex+5}
  4030 | D:5      | Reached skill level 5 in Earth Magic
  4380 | D:6      | Found an opulent altar of Gozag.
  4381 | D:6      | Found a basalt altar of Yredelemnul.
  4394 | D:6      | Found an ornate altar of the Wu Jian Council.
  4396 | D:6      | Found a shimmering blue altar of Sif Muna.
  4397 | D:6      | Found a broken altar of Ashenzari.
  4398 | D:6      | Found a stormy altar of Qazlal.
  4428 | D:6      | HP: 15/68 [killer bee (6)]
  4439 | D:6      | Reached skill level 4 in Spellcasting
  4445 | D:6      | HP: 24/102 [killer bee (5)]
  4451 | D:6      | HP: 25/102 [killer bee (4)]
  4463 | D:6      | Reached skill level 5 in Transmutations
  4572 | D:6      | Identified the +4 mace of Understanding {protect, *Rage
                  | +Blink rPois Will+}
  4922 | D:6      | Found a glowing silver altar of Zin.
  4924 | D:6      | Found a shimmering altar of Xom.
  5004 | D:6      | Became a worshipper of Sif Muna the Loreminder
  5119 | D:7      | Reached skill level 6 in Earth Magic
  5128 | D:7      | Reached XP level 9. HP: 58/75 MP: 14/14
  5553 | D:8      | Found a transporter.
  5556 | D:8      | Found a transporter.
  5579 | D:8      | HP: 17/75 [killer bee (2)]
  5584 | D:7      | HP: 14/75 [poisoned by a killer bee]
  5637 | D:8      | HP: 18/75 [killer bee (1)]
  5642 | D:7      | HP: 12/75 [poisoned by a killer bee]
  5647 | D:7      | HP: 15/75 [poisoned by a killer bee]
  5852 | D:8      | Noticed Psyche
  5865 | D:8      | Killed Psyche
  5866 | D:8      | Found a staircase to the Lair.
  5891 | D:8      | You pick up a book of Burglary and begin reading...
  5891 | D:8      | You add the spells Passwall, Ensorcelled Hibernation and
                  | Swiftness to your library.
  5949 | D:8      | Found a transporter.
  5951 | D:8      | Found a transporter.
  5973 | D:8      | Reached * piety under Sif Muna
  6038 | D:8      | Reached skill level 5 in Spellcasting
  6038 | D:8      | Reached skill level 6 in Transmutations
  6092 | D:8      | Reached skill level 7 in Earth Magic
  6207 | D:8      | You pick up a book of the Hunter and begin reading...
  6207 | D:8      | You add the spells Call Canine Familiar, Portal Projectile
                  | and Leda's Liquefaction to your library.
  6213 | D:8      | Learned a level 4 spell: Leda's Liquefaction
  6265 | D:8      | Found a transporter.
  6290 | D:8      | HP: 10/63 [wight/+0 trident (12)]
  6298 | D:8      | HP: 13/60 [wight/+0 trident (3)]
  6302 | D:8      | HP: 3/62 [wight/+0 long sword (9)]
  6310 | D:8      | HP: 14/57 [centaur/arrow (7)]
  6318 | D:8      | HP: 14/58 [centaur (6)]
  6323 | D:8      | HP: 15/61 [centaur (1)]
  6357 | D:8      | Found a transporter.
  6716 | D:9      | Found a runed translucent door.
  6716 | D:9      | Noticed ninjaread99's ghost (novice DrCj)
  6724 | D:9      | You add the spells Ignite Poison, Sticky Flame and Ignition
                  | to your library.
  6736 | D:9      | Noticed a troll
  6750 | D:9      | Killed a troll
  6780 | D:9      | Noticed a manticore
  6792 | D:9      | HP: 18/75 [manticore/volley of spikes (8)]
  6793 | D:9      | HP: 8/75 [manticore/volley of spikes (12)]
  6800 | D:9      | HP: 14/75 [manticore (9)]
  6801 | D:9      | HP: 6/75 [manticore (10)]
  6802 | D:9      | Mangled by a manticore

Vanquished Creatures
  Psyche (D:8)
  A troll (D:9)
  A wraith (D:9)
  A water moccasin (D:5)
  An ice beast (D:5)
  2 sky beasts
  A black bear (D:5)
  3 centaurs
  2 phantoms
  A kobold brigand (D:6)
  3 bullfrogs
  3 scorpions
  7 wights (D:8)
  10 killer bees
  A howler monkey (D:7)
  A jelly (D:7)
  4 hounds
  4 orc priests
  2 sleepcaps (D:5)
  2 iguanas
  13 orc wizards
  Robin (D:3)
  6 adders
  3 gnolls (D:4)
  A shadow imp (D:8)
  An ufetubus (D:7)
  A worm (D:2)
  3 dart slugs
  41 orcs
  8 ball pythons
  3 bats
  10 endoplasms
  3 giant cockroaches
  17 goblins
  5 hobgoblins
  5 quokkas
  2 frilled lizards (D:2)
  13 kobolds
  5 rats
192 creatures vanquished.

Vanquished Creatures (others)
  A wight (D:8)
1 creature vanquished.

Grand Total: 193 creatures vanquished

Table legend:
 A = Non-vault XP
 B = Vault XP
 C = Vault XP percentage of total XP
 D = Non-vault monster count
 E = Vault monster count
 F = Vault count percentage of total count
                 A         B        C        D         E       F
            +---------+---------+-------+---------+---------+-------
      Total |    4971 |     390 |   7.3 |     179 |      14 |   7.3
            +---------+---------+-------+---------+---------+-------
        D:1 |      26 |       0 |   0.0 |      14 |       0 |   0.0
        D:2 |      44 |       3 |   6.4 |      17 |       2 |  10.5
        D:3 |     529 |      34 |   6.0 |      36 |      11 |  23.4
        D:4 |     175 |       0 |   0.0 |      26 |       0 |   0.0
        D:5 |     903 |       0 |   0.0 |      19 |       0 |   0.0
        D:6 |     851 |       0 |   0.0 |      25 |       0 |   0.0
        D:7 |     675 |       0 |   0.0 |      14 |       0 |   0.0
        D:8 |    1150 |     353 |  23.5 |      25 |       1 |   3.8
        D:9 |     618 |       0 |   0.0 |       3 |       0 |   0.0
            +---------+---------+-------+---------+---------+-------

Skill      XL: |  1  2  3  4  5  6  7  8  9 |
---------------+----------------------------+-----
Earth Magic    | 1 2 3 4 6 7 |  7.6
Transmutations | 2 3 4 5 6 |  6.6
Spellcasting   | 2 3 4 5 |  5.0
Fighting       | |  0.7
Dodging        | |  1.5
Unarmed Combat | |  3.6

Action                     |  1- 3 |  4- 6 |  7- 9 || total
---------------------------+-------+-------+-------++-------
  Melee: Unarmed           |   101 |   183 |   542 ||   826
         Punch             |     2 |     1 |    18 ||    21
   Cast: Wereblood         |       |       |     9 ||     9
  Evoke: Wand              |       |       |     2 ||     2
    Use: Scroll            |     9 |       |     7 ||    16
         Potion            |       |     1 |     7 ||     8
   Stab: Sleeping          |     2 |       |     1 ||     3
 Armour: Robe              |    37 |    47 |   127 ||   211
         Skin              |       |       |    31 ||    31
  Dodge: Dodged            |    33 |   111 |   407 ||   551

Illustrated notes

Table legend:
 A = Kills in this place as a percentage of kills in the entire game.
 B = Kills by you in this place as a percentage of kills by you in the entire game.
 C = Kills by friends in this place as a percentage of kills by friends in the entire game.
 D = Other kills in this place as a percentage of other kills in the entire game.
 E = Experience gained in this place as a percentage of experience gained in the entire game.
 F = Experience gained in this place divided by the number of levels of this place that you have seen.
                   A       B       C       D       E      F
               +-------+-------+-------+-------+-------+----------------------
         Total | 100.0 | 100.0 |   N/A | 100.0 | 100.0 | 536.1
       Dungeon | 100.0 | 100.0 |   N/A | 100.0 | 100.0 | 595.7
               +-------+-------+-------+-------+-------+----------------------

Table legend: (Time is in decaauts)
 A = Elapsed time spent in this place.
 B = Non-inter-level travel time spent in this place.
 C = Inter-level travel time spent in this place.
 D = Time resting spent in this place.
 E = Time spent auto-exploring this place.
 F = Levels seen in this place.
 G = Mean time per level.
                   A        B        C        D        E       F      G
               +--------+--------+--------+--------+--------+-----+--------+
         Total |   6761 |   6414 |    347 |    281 |   4469 |  10 |  676.1 |
       Dungeon |   6541 |   6196 |    345 |    281 |   4299 |   9 |  726.8 |
        Temple |    220 |    218 |      2 |      0 |    170 |   1 |  220.0 |
               +--------+--------+--------+--------+--------+-----+--------+

Top non-repeatable levels by time:
     D:8: 946 daAuts
     D:2: 917 daAuts
     D:4: 909 daAuts
     D:6: 837 daAuts
     D:5: 785 daAuts
     D:3: 724 daAuts
     D:7: 708 daAuts
     D:1: 597 daAuts
  Temple: 220 daAuts
     D:9: 113 daAuts
